 Dungeon Crawl Stone Soup version 0.32-a0-705-g60f233581c (webtiles) character file.

Game seed: 3383802629267132880

52 jiveturtle the Chopper (level 3, 0/31 HPs)
             Began as a Mountain Dwarf Berserker on Mar 15, 2024.
             Was a Believer of Trog.
             Incinerated by a bombardier beetle (6 damage)
             ... with a burning spray
             ... on level 2 of the Dungeon.
             The game lasted 00:03:04 (997 turns).

jiveturtle the Chopper (Mountain Dwarf Berserker)    Turns: 997, Time: 00:03:04

Health: 0/31       AC:  6    Str: 21    XL:     3   Next: 60%
Magic:  3/3        EV: 10    Int:  7    God:    Trog [**....]
Gold:   62         SH:  0    Dex:  9    Spells: 2/2 levels left

rFire   . . .        c - +2 hand axe (flame)
rCold   . . .        (no shield)
rNeg    . . .        h - +0 ring mail
rPois   .            d - +0 helmet
rElec   .            (no cloak)
rCorr   .            (no gloves)
SInv    .            (no boots)
Will    .....        (no amulet) Stlth
                     (no ring)
HPRegen 0.25/turn    (no ring)
MPRegen 0.08/turn

%: no passive effects
@: on fire, glowing
A: runic magic, artefact enchanting
a: Renounce Religion, Berserk, Trog's Hand


You were on level 2 of the Dungeon.
You worshipped Trog.
Trog was pleased with you.
You visited 1 branch of the dungeon, and saw 2 of its levels.

You collected 62 gold pieces.

Inventory:

Hand Weapons
 a - a +0 hand axe
 c - a +2 hand axe of flaming (weapon)
Missiles
 g - 5 poisoned darts (quivered)
Armour
 d - a +0 helmet (worn)
 h - a +0 ring mail (worn)
Jewellery
 b - a ring of ice
Scrolls
 e - a scroll of torment {unknown}
Potions
 f - a potion of magic {unknown}


   Skills:
 - Level 3.4 Fighting
 * Level 5.2 Axes
 + Level 2.5 Armour
 - Level 1.4 Dodging


You had 2 spell levels left.
You didn't know any spells.
Your spell library was empty.

Dungeon Overview and Level Annotations

Branches:
Dungeon (2/15)

Altars:

Shops:
D:1 [


Innate Abilities, Weirdness & Mutations

Your spellcasting is much less encumbered by armour.
You can use scrolls of enchantment on lesser artefacts.


Message History

No target in view!
No target in view!
No target in view!
The bombardier beetle sprays incendiary fluid at you.
The burning spray hits you.
You are covered in liquid fire!
You shake off some of the fire as you move.
The liquid fire burns you!
The bombardier beetle bites you but does no damage.
You closely miss the bombardier beetle. The liquid fire burns you!
You hit the bombardier beetle. You burn the bombardier beetle.
The bombardier beetle is moderately wounded.
The liquid fire burns you!
The bombardier beetle bites you but does no damage.
You hit the bombardier beetle. You burn the bombardier beetle.
The bombardier beetle is heavily wounded.
The liquid fire burns you!
The bombardier beetle sprays incendiary fluid at you.
The burning spray hits you.
You are even more covered in liquid fire!
You hit the bombardier beetle but do no damage.
The bombardier beetle is heavily wounded.
The liquid fire burns you!
You hit the bombardier beetle but do no damage.
The bombardier beetle is heavily wounded.
The liquid fire burns you!
The bombardier beetle bites you but does no damage.
You are too injured to fight recklessly!
You are too injured to fight recklessly!
You are too injured to fight recklessly!
You are too injured to fight recklessly!
You are too injured to fight recklessly!
You are too injured to fight recklessly!
You shake off some of the fire as you move.
The liquid fire burns you!
* * * LOW HITPOINT WARNING * * *
You shake off some of the fire as you move.
The liquid fire burns you!
You die...

#...>
#..##..#.###.#.#.#.#
#....##..##..#.#
#.#.#.#.#
#............#.###.# # #
....................
......†..†..........
.....................
.....................#
#....####.#...####.#.
#.... ###.#@..####.#.
#... ...#.......[.
#....####.#...####.# #
...........B..####.#.#.#
.......<............##
.....................#
.#####.#.#.#.####.#.##
.........# #
###.#.#.#?..


You could see a bombardier beetle.

Vanquished Creatures
  3 dart slugs
  A ribbon worm (D:2)
  2 ball pythons (D:1)
  3 bats
  4 endoplasms
  2 giant cockroaches (D:1)
  3 goblins (D:1)
  A hobgoblin (D:1)
  4 jackals (D:1)
  3 kobolds (D:1)
  4 quokkas (D:1)
  5 frilled lizards
  6 rats
41 creatures vanquished.

Notes
Turn   | Place    | Note
-------+----------+-------------------------------------------
     0 | D:1      | jiveturtle the Mountain Dwarf Berserker began the quest for
                  | the Orb.
     0 | D:1      | Reached XP level 1. HP: 19/19 MP: 1/1
    96 | D:1      | Found Qoeg's Armour Emporium.
   102 | D:1      | Reached XP level 2. HP: 24/26 MP: 2/2
   105 | D:1      | Reached skill level 4 in Axes
   351 | D:1      | Reached XP level 3. HP: 31/31 MP: 3/3
   675 | D:1      | You fall into a shaft and drop 1 floor!
   773 | D:1      | Reached skill level 5 in Axes
   851 | D:2      | Reached ** piety under Trog
   997 | D:2      | Incinerated by a bombardier beetle

Illustrated notes

Levels and vault maps discovered:
D:1:      dpeg_arrival_short_road, layout_loops_ring, serial_shops,
          nicolae_shop_statue_plus
D:2:      layout_basic, shapermc_ecumenical_altar_flowoftime

Skill      XL: |  1  2  3 |
---------------+----------+-----
Axes           | 4 5 |  5.2
Fighting       | |  3.4
Armour         | |  2.5
Dodging        | |  1.4

Action                     || total
---------------------------++-------
  Melee: Hand axe          ||    97
   Stab: Sleeping          ||     2
 Armour: Animal skin       ||    21
         Leather armour    ||    28
         Ring mail         ||    13
  Dodge: Dodged            ||    47

Table legend: (Time is in decaauts)
 A = Elapsed time spent in this place.
 B = Non-inter-level travel time spent in this place.
 C = Inter-level travel time spent in this place.
 D = Time resting spent in this place.
 E = Time spent auto-exploring this place.
 F = Levels seen in this place.
 G = Mean time per level.
                   A        B        C        D        E       F      G
               +--------+--------+--------+--------+--------+-----+--------+
         Total |   1001 |    985 |     16 |     37 |    659 |   2 |  500.5 |
       Dungeon |   1001 |    985 |     16 |     37 |    659 |   2 |  500.5 |
               +--------+--------+--------+--------+--------+-----+--------+

Top non-repeatable levels by time:
     D:1: 843 daAuts
     D:2: 158 daAuts
